 Dungeon Crawl Stone Soup version 0.22-a0-445-g8c8ef71 (webtiles) character file.

559835 Gorglomux the Slayer (level 26, -11/236 HPs)
             Began as a Barachi Fighter on June 2, 2018.
             Was the Champion of Makhleb.
             Killed from afar by an electric golem (36 damage)
             ... with a bolt of lightning
             ... on level 5 of the Realm of Zot.
             The game lasted 01:37:07 (54377 turns).

Gorglomux the Slayer (Barachi Fighter)             Turns: 54377, Time: 01:37:07

Health: -11/236    AC: 32    Str: 31    XL:     26   Next: 60%
Magic:  33/33      EV: 18    Int: 11    God:    Makhleb [******]
Gold:   4420       SH: 31    Dex: 13    Spells: 25/25 levels left

rFire    + + .     SeeInvis .   b - +8 broad axe (elec)
rCold    + + .     Gourm    .   L - +0 large shield
rNeg     . . .     Faith    .   a - +7 plate armour {rF+}
rPois    +         Spirit   .   N - +2 hat {MR+}
rElec    .         Reflect  +   i - scarf {rC+ rF+}
rCorr    .         Harm     .   E - +3 pair of gauntlets of War {Slay+5}
MR       +++..                  p - +2 pair of boots
Stlth    ..........             H - +5 amulet of reflection
HPRegen  0.49/turn              o - ring of poison resistance
MPRegen  0.23/turn              m - ring of protection from magic

@: mighty, about to teleport, can't hop, hasted (expiring), quick
A: +LOS, swims, cold resistance 1, deformed body, mutation resistance 1,
slowness 1, strong legs 2
}: 3/15 runes: barnacled, silver, gossamer
a: Hop, Minor Destruction, Lesser Servant of Makhleb, Major Destruction, Greater
Servant of Makhleb, Renounce Religion


You were on level 5 of the Realm of Zot.
You worshipped Makhleb.
Makhleb was exalted by your worship.
You were not hungry.

You visited 8 branches of the dungeon, and saw 46 of its levels.
You also visited: Sewer and Ossuary.

You collected 5608 gold pieces.
You spent 1188 gold pieces at shops.

Inventory:

Hand Weapons
 b - a +8 broad axe of electrocution (weapon)
Missiles
 Z - 5 throwing nets (quivered)
Armour
 a - a +7 plate armour of fire resistance (worn)
 i - a scarf of resistance (worn)
 p - a +2 pair of boots (worn)
 E - the +3 pair of gauntlets of War (worn) {Slay+5}
   (You acquired it on level 5 of the Vaults)

   It affects your accuracy and damage with ranged weapons and melee attacks
   (+5).
 L - a +0 large shield (worn)
 N - a +2 hat of magic resistance (worn)
Jewellery
 g - an uncursed ring of resist corrosion
 m - a ring of protection from magic (right hand)
 o - a ring of poison resistance (left hand)
 t - an uncursed ring of positive energy
 H - a +5 amulet of reflection (around neck)
Wands
 A - a wand of acid (69)
 D - a wand of digging (9)
 I - a wand of iceblast (67)
 O - a wand of clouds (5)
 P - a wand of paralysis (35)
 S - a wand of scattershot (11)
Scrolls
 c - 5 scrolls of immolation
 k - 3 scrolls of fear
 s - 2 scrolls of summoning
 w - 17 scrolls of remove curse
 x - 3 scrolls of holy word
 z - 3 scrolls of fog
 B - 5 scrolls of blinking
 M - a scroll of magic mapping
 R - 5 scrolls of identify
 T - 12 scrolls of teleportation
Potions
 d - 5 potions of might
 e - 6 potions of ambrosia
 h - 3 potions of lignification
 j - 2 potions of flight
 n - 4 potions of resistance
 q - 3 potions of magic
 r - 3 potions of brilliance
 v - 3 potions of cancellation
 G - 8 potions of agility
 J - 2 potions of mutation {!q}
 K - 4 potions of haste
 Q - 3 potions of curing
Miscellaneous
 U - 3 boxes of beasts
 V - a phantom mirror
 W - 4 sacks of spiders
 X - a phial of floods
 Y - a lamp of fire
Comestibles
 f - 64 rations


   Skills:
 + Level 25.4 Fighting
 - Level 18.0 Axes
 - Level 20.2 Armour
 + Level 18.7 Dodging
 + Level 22.9 Shields
 - Level 14.0 Invocations
 - Level 6.0 Evocations


You had 25 spell levels left.
You didn't know any spells.
Your spell library contained the following spells:

 Spells                   Type           Power        Failure   Level  Hunger
 Cause Fear               Hex            #.........   100%        4    #####..
 Fireball                 Conj/Fire      #.........   100%        5    ######.
 Apportation              Tloc           #.....       87%         1    ##.....
 Conjure Flame            Conj/Fire      #.......     99%         3    ####...
 Bolt of Fire             Conj/Fire      #.........   100%        6    #######
 Lightning Bolt           Conj/Air       #.........   100%        5    ######.
 Slow                     Hex            #.......     95%         2    ###....
 Confuse                  Hex            #.......     99%         3    ####...
 Invisibility             Hex            #.......     100%        6    #######
 Throw Frost              Conj/Ice       #.....       95%         2    ###....
 Freezing Cloud           Conj/Ice/Air   #.........   100%        6    #######
 Mephitic Cloud           Conj/Pois/Air  #.......     99%         3    ####...
 Ring of Flames           Chrm/Fire      #.........   100%        7    #######
 Summon Small Mammal      Summ           #...         87%         1    ##.....
 Summon Horrible Things   Summ           #.........   100%        8    #######
 Animate Dead             Necr           N/A          100%        4    #####..
 Pain                     Necr           #...         87%         1    ##.....
 Animate Skeleton         Necr           N/A          87%         1    ##.....
 Vampiric Draining        Necr           #.........   99%         3    ####...
 Freeze                   Ice            #...         87%         1    ##.....
 Summon Ice Beast         Ice/Summ       #.......     100%        4    #####..
 Ozocubu's Armour         Chrm/Ice       #.......     99%         3    ####...
 Regeneration             Chrm/Necr      #.........   99%         3    ####...
 Sublimation of Blood     Necr           #.........   95%         2    ###....
 Tukima's Dance           Hex            #.......     99%         3    ####...
 Summon Demon             Summ           #.........   100%        5    ######.
 Summon Greater Demon     Summ           #.........   100%        7    #######
 Corpse Rot               Necr           N/A          95%         2    ###....
 Shock                    Conj/Air       #...         87%         1    ##.....
 Swiftness                Chrm/Air       #.......     95%         2    ###....
 Recall                   Summ/Tloc      N/A          99%         3    ####...
 Spider Form              Tmut/Pois      #.........   99%         3    ####...
 Blade Hands              Tmut           #.........   100%        5    ######.
 Ice Form                 Ice/Tmut       #.......     100%        4    #####..
 Throw Icicle             Conj/Ice       #.......     100%        4    #####..
 Airstrike                Air            #.........   100%        4    #####..
 Shadow Creatures         Summ           N/A          100%        6    #######
 Confusing Touch          Hex            #.....       87%         1    ##.....
 Ignite Poison            Fire/Tmut/Pois #.......     99%         3    ####...
 Sticks to Snakes         Tmut           #.......     95%         2    ###....
 Ensorcelled Hibernation  Hex/Ice        #.....       95%         2    ###....
 Metabolic Englaciation   Hex/Ice        #.........   100%        5    ######.
 Summon Butterflies       Summ           #.......     87%         1    ##.....
 Static Discharge         Conj/Air       #.......     99%         3    ####...
 Corona                   Hex            #......      87%         1    ##.....
 Alistair's Intoxication  Tmut/Pois      #.......     100%        5    ######.
 Conjure Ball Lightning   Conj/Air       #.........   100%        6    #######
 Portal Projectile        Hex/Tloc       #.....       99%         3    ####...
 Monstrous Menagerie      Summ           #.........   100%        7    #######
 Petrify                  Tmut/Erth      #.......     100%        4    #####..
 Malign Gateway           Summ/Tloc      #.........   100%        7    #######
 Leda's Liquefaction      Hex/Erth       #.........   100%        4    #####..
 Inner Flame              Hex/Fire       #.......     99%         3    ####...
 Aura of Abjuration       Summ           #.........   100%        5    ######.
 Beastly Appendage        Tmut           #.....       87%         1    ##.....
 Dazzling Spray           Conj/Hex       #.....       99%         3    ####...
 Spectral Weapon          Hex/Chrm       #.......     99%         3    ####...
 Summon Forest            Summ/Tloc      #.........   100%        5    ######.
 Summon Mana Viper        Hex/Summ       #.......     100%        5    ######.
 Irradiate                Conj/Tmut      #.........   100%        5    ######.
 Gell's Gravitas          Tloc           #.........   99%         3    ####...
 Yara's Violent Unravell  Hex/Tmut       #.........   100%        5    ######.
 Lesser Beckoning         Tloc           #.........   99%         3    ####...
 Poisonous Vapours        Pois/Air       #.....       95%         2    ###....
 Ignition                 Fire           #.........   100%        8    #######


Dungeon Overview and Level Annotations

Branches:
Dungeon (15/15)            Temple (0/1) D:7            Lair (6/6) D:10
 Shoals (4/4) Lair:2       Spider (4/4) Lair:3        Slime (0/5) Lair:6
    Orc (2/2) D:10            Elf (0/3) Orc:2        Vaults (5/5) D:14
  Crypt (0/3) Vaults:3     Depths (5/5) D:15            Zot (5/5) Depths:5

Altars:
Ashenzari
Gozag
Kikubaaqudgha
Makhleb
Okawaru
Ru
Sif Muna
Vehumet
Zin
The Shining One
Beogh
Jiyva

Shops:
D:5 %   Orc:2 [(}?!   Vaults:3 [*   Vaults:5 }   Depths:3 *

Portals:
Hell: Depths:1 Depths:2 Depths:3 Depths:4 Depths:5
Abyss: Depths:3 Depths:4
Pandemonium: Depths:3 Depths:5
Ziggurat: Depths:4
Trove: Vaults:4 (give +7 demon blade)

Annotations:
D:8 2 runed doors
D:9 1 runed door
Lair:3 exclusion: oklob plant
Lair:6 1 runed door
Depths:1 exclusion: obsidian statue
Depths:4 14 exclusions
Zot:5 1 exclusion


Innate Abilities, Weirdness & Mutations

Shadows flee at your approach. (+LOS)
You can swim through water.
You cover ground slowly.
You can hop long distances.
Your flesh is cold resistant. (rC+)
Armour fits poorly on your strangely shaped body.
You are somewhat resistant to further mutation.


Message History

The Orb Guardian butts!!!
Makhleb roars: ANNIHILATED!
The bolt of dispelling energy hits the cacodemon!
You block the electric golem's attack!
Butt block the electric golem's attack!
You block the electric golem's attack! You block the butt golem's attack!
The yellow butt hits your golden dragon but does no damage!
Unknown command!
Unknown command!
Unknown command!
Unknown command!
As you read the scroll of summoning, it crumbles to dust!
Wisps of shadow whirl around you!!!
Your extra speed is starting to run out!
Butt's death cob completely misses the electric golem!
Your electric golem blinks!!!
The electric golem hurls lightning at you!
The bolt of lightning hits you!!! * * * don't die
* * * The bolt of lightning hits you!!! rip

** #....))^.............*
* #.............)......*
** #...8................*
,* #...............^....*
,** #.......^............*
,,**#........§.dd........*
,,,*##.......2§dD.z.....#*
*,,,,##.........X8d....#*
***,,,..........@z....##
****▓▓▓▓▓▓▓▓##.....▓▓
****,,,,,,,,d......▓*
***,,,,,,,,,,..)......▓*
**,,,,,,,,,,,d..........▓*
*,,,,,,,,,,,(.d..d.......*
*,,,,,,,,,,..............*
*,,,,,,,,,..............▓*
*,,,,,,,,..............▓▓


You could see an electric golem, a yellow draconian, a cacodemon, a friendly
electric golem, a friendly tentacled monstrosity, a friendly golden dragon, 2
friendly draconians, a friendly yellow draconian, 2 friendly draconians, 2
friendly draconians and 2 friendly death cobs.

Vanquished Creatures
  An ancient lich (Zot:5)
  2 juggernauts
  Boris (Vaults:2)
  Saint Roka (Vaults:2)
  Margery (Vaults:2)
  Frederick (Vaults:4)
  A caustic shrike (Depths:2)
  2 Killer Klowns (Zot:4)
  4 curse toes
  Jory (Vaults:4)
  A bone dragon (Depths:5)
  6 golden dragons
  Arachne (Spider:2)
  An electric golem (Zot:1)
  3 liches
  6 tentacled monstrosities
  5 titans
  4 Orb Guardians (Zot:5)
  10 death cobs
  7 sphinxes
  2 krakens
  4 quicksilver dragons
  8 storm dragons
  A draconian monk (Zot:1)
  4 tengu reavers
  Donald (Vaults:2)
  6 shadow dragons
  A nagaraja (Vaults:1)
  12 frost giants
  3 iron dragons
  A large abomination (Vaults:5)
  3 deep elf sorcerers
  3 fire giants
  5 draconian scorchers
  A frost giant (shapeshifter) (Depths:1)
  3 draconian shifters (Zot:1)
  An orc warlord (Vaults:4)
  5 ghost moths
  5 draconian knights
  12 vault wardens
  13 ironheart preservers
  2 war gargoyles
  2 draconian stormcallers
  2 emperor scorpions
  A spriggan defender (Depths:2)
  18 stone giants
  4 draconian annihilators
  A juggernaut skeleton (Depths:3)
  22 very ugly things
  3 vampire knights
  Nessos (Lair:4)
  5 purple draconians
  A deep elf demonologist (Vaults:5)
  5 entropy weavers
  4 yellow draconians
  A dire elephant (Zot:4)
  4 green draconians
  4 deep elf annihilators
  4 red draconians
  3 black draconians
  7 white draconians
  A merfolk javelineer (Shoals:4)
  17 yaktaur captains
  10 fire dragons
  Josephine (Lair:5)
  3 spark wasps
  17 ettins
  A blizzard demon (Depths:1)
  3 deep elf death magi
  A green death (Depths:5)
  12 merfolk impalers
  13 ogre magi
  2 deep elf high priests (Vaults:5)
  The ghost of PeterLawrence the Basher, a journeyman MiFi of Okawaru (Lair:2)
  10 great orbs of eyes
  10 ice dragons
  Harold (Lair:4)
  34 vault guards
  2 spriggan air magi
  The ghost of ohad the Carver, a journeyman DsGl of Gozag (Orc:1)
  3 rakshasas
  3 merfolk avatars
  9 hydras
  3 death knights
  Erica (D:8)
  3 alligator snapping turtles
  6 merfolk aquamancers
  20 centaur warriors
  7 tengu warriors
  37 two-headed ogres
  6 deep troll earth magi
  A satyr (Shoals:3)
  A vampire mage (Depths:3)
  12 deep troll shamans
  4 soul eaters (Zot:1)
  A shock serpent (shapeshifter) (Depths:5)
  2 spriggan berserkers
  4 sun demons
  2 hell knights (Vaults:2)
  Nergalle (Orc:2)
  5 deep elf knights
  2 fire crabs (shapeshifter)
  2 death drakes (Zot:1)
  9 skeletal warriors
  9 iron trolls
  32 deep trolls
  A spark wasp zombie (Depths:3)
  8 sea snakes
  3 storm dragon skeletons
  3 flayed ghosts
  A glowing orange brain (shapeshifter) (Vaults:5)
  A deep troll (shapeshifter) (Vaults:5)
  3 unseen horrors
  5 glowing orange brains
  An obsidian statue (Zot:1)
  7 phantasmal warriors
  7 deep elf archers
  2 lindwurms (Lair:6)
  10 wizards
  Pikel (D:4)
  2 wolf spider zombies
  A swamp dragon (Vaults:1)
  20 harpies
  12 orb spiders
  12 ironbrand convokers
  7 necromancers
  A shining eye (shapeshifter) (Depths:3)
  45 ugly things
  13 orc knights
  A stone giant zombie (Vaults:1)
  33 wolf spiders
  14 fauns
  22 deep elf magi
  10 orc sorcerers
  13 cyclopes
  The ghost of incide the Skirmisher, a novice GrWn of Okawaru (D:6)
  21 manticores
  3 tengu skeletons
  2 salamanders (Depths:4)
  9 moths of wrath
  A frost giant skeleton (Vaults:3)
  17 vault sentinels
  9 merfolk sirens
  2 guardian serpents
  4 centaur zombies
  5 elephants
  9 black mambas
  An elephant (shapeshifter) (Depths:2)
  A titan simulacrum (Vaults:4)
  7 centaur skeletons
  3 rust devils (Depths:1)
  2 fire giant skeletons
  An iron dragon skeleton (Depths:3)
  Joseph (D:7)
  A gargoyle (D:12)
  6 water nymphs
  6 torpor snails
  A rime drake (Lair:6)
  A komodo dragon (shapeshifter) (Vaults:5)
  12 spiny frogs
  20 yaktaurs
  2 efreet (D:15)
  A golden dragon simulacrum (Depths:3)
  3 komodo dragons
  9 demonic crawlers
  6 human skeletons
  A freezing wraith (Vaults:4)
  A purple draconian skeleton (Zot:1)
  5 tengu conjurers
  An ice devil (Depths:5)
  3 red devils
  5 trolls
  6 meliai
  A troll (shapeshifter) (Vaults:3)
  A polar bear (shapeshifter) (Vaults:3)
  20 hornets
  2 queen bees
  A tengu simulacrum (Vaults:4)
  4 wind drakes
  22 merfolk
  14 tyrant leeches
  A polar bear (Lair:6)
  20 jumping spiders
  10 snapping turtles
  2 hornets (shapeshifter)
  12 dream sheep
  A moth of wrath zombie (Zot:1)
  Prince Ribbit (D:6)
  3 blink frogs (Lair:6)
  A dream sheep (shapeshifter) (D:14)
  23 hippogriffs
  A hippogriff (shapeshifter) (Depths:4)
  30 slime creatures
  A fire giant simulacrum (Vaults:4)
  65 redbacks
  A redback (shapeshifter) (Depths:1)
  4 wraiths
  Sigmund (D:6)
  52 yaks
  2 yaks (shapeshifter)
  3 shadows
  11 wyverns
  32 tarantellas
  A centaur simulacrum (D:14)
  A ynoxinul (Depths:5)
  18 water elementals
  3 hogs (Lair:4)
  8 humans
  A tarantella (shapeshifter) (D:14)
  A wyvern (shapeshifter) (Vaults:1)
  Eustachio (D:5)
  A vampire (D:14)
  2 spriggans (Depths:3)
  2 basilisks
  A golden eye (shapeshifter) (Vaults:3)
  2 humans (shapeshifter)
  A hog (shapeshifter) (Depths:3)
  8 vampire mosquitoes
  3 wargs
  4 acid dragons
  A soldier ant (shapeshifter) (Vaults:1)
  3 swamp worms (Spider:2)
  13 water moccasins
  4 porcupines
  39 orc warriors
  An eye of draining (D:10)
  5 ice beasts
  2 black bears
  7 sky beasts
  An eye of draining (shapeshifter) (Vaults:5)
  3 phantoms
  30 ogres
  4 boggarts
  4 wolves (Lair:4)
  33 centaurs
  10 crocodiles
  A yaktaur zombie (Vaults:1)
  4 big kobolds
  2 human zombies
  A wyvern zombie (D:12)
  13 bullfrogs
  A glowing shapeshifter simulacrum (Depths:3)
  A wyvern skeleton (D:10)
  6 scorpions
  2 human simulacra
  62 killer bees
  5 wights (D:7)
  9 electric eels
  9 howler monkeys
  3 bullfrog zombies
  25 crimson imps
  4 hounds
  6 iron imps (Depths:1)
  39 orc wizards
  10 jellies
  4 bullfrog skeletons
  A gnoll shaman (D:6)
  17 orc priests
  4 iguanas
  7 hell rats (Lair:5)
  21 worker ants
  A hound skeleton (D:7)
  A mummy (Ossuary)
  3 gnolls (D:6)
  2 river rats (Sewer)
  19 adders
  4 shadow imps
  2 white imps (Depths:1)
  An adder zombie (D:6)
  An ooze (D:1)
  An adder skeleton (D:7)
  A worm (D:2)
  9 dart slugs
  12 leopard geckos
  118 orcs
  6 bats
  8 giant cockroaches
  4 hobgoblins
  20 jackals
  20 kobolds
  2 quokkas
  3 ball pythons
  A frilled lizard (shapeshifter) (Vaults:1)
  6 frilled lizards
  7 gnoll skeletons (Ossuary)
  6 goblins
  A jackal skeleton (D:6)
  A jackal zombie (D:8)
  6 kobold skeletons (Ossuary)
  A leopard gecko skeleton (D:5)
  10 orc skeletons (Ossuary)
  A quokka skeleton (D:5)
  12 rats
  8 crawling corpses (Vaults:5)
  8 fungi
  11 plants
  5 tentacles
2159 creatures vanquished.

Vanquished Creatures (collateral kills)
  Bai Suzhen (Depths:1)
  An Orb Guardian (Zot:5)
  A tentacled monstrosity (Vaults:5)
  A shadow dragon (Vaults:5)
  Gastronok (D:8)
  Kirke (Lair:4)
  A draconian monk (Depths:5)
  A fire giant (Depths:1)
  A draconian shifter (Zot:1)
  An ironheart preserver (Vaults:5)
  A stone giant (Vaults:5)
  A red draconian (Depths:5)
  A spark wasp (Spider:4)
  The ghost of mortelune the Fighter, a journeyman DrTm of Makhleb (D:11)
  A hydra (Lair:4)
  An ice dragon (Depths:5)
  The ghost of Nib the Grappler, a novice TrCK of Xom (D:9)
  An ogre mage (Vaults:2)
  2 two-headed ogres
  A hell knight (Vaults:2)
  A soul eater (Depths:1)
  A deep elf knight (Vaults:2)
  A deep elf archer (Vaults:2)
  An ugly thing (Depths:1)
  A cyclops (Vaults:2)
  A wolf spider (Spider:4)
  A spiny frog (Lair:2)
  3 torpor snails (Lair:6)
  A komodo dragon (Lair:1)
  3 hornets
  2 tyrant leeches (Lair:6)
  A hippogriff (Lair:5)
  2 wraiths
  3 hogs (Lair:4)
  An orc warrior (D:10)
  2 centaurs
  2 bullfrogs
  A hound (D:8)
  An iguana (D:8)
  3 orcs (D:10)
  2 orc skeletons (Ossuary)
  A tentacle (Shoals:1)
56 creatures vanquished.

Vanquished Creatures (others)
  A tengu reaver (Vaults:5)
  Ilsuiw (Shoals:4)
  A stone giant (Depths:3)
  2 merfolk javelineers (Shoals:4)
  A yaktaur captain (Vaults:5)
  An ogre mage (D:12)
  A deep elf knight (Vaults:1)
  2 deep elf archers
  A cyclops (Shoals:4)
  A deep elf mage (Vaults:5)
  A moth of wrath (Zot:5)
  A water nymph (Shoals:4)
  19 yaktaurs
  A red devil (Depths:1)
  A jumping spider (Spider:4)
  A hornet (Depths:3)
  A human (Lair:4)
  A slave (D:5)
  An orc warrior (Orc:1)
  2 ogres
  A boggart (Depths:2)
  5 centaurs
  A killer bee (D:14)
  A crimson imp (D:5)
  2 orc priests (D:5)
  5 orc wizards
  2 dart slugs (D:5)
  3 orcs
  A hobgoblin (D:3)
  8 fungi
  15 plants
  9 tentacles
94 creatures vanquished.

Grand Total: 2309 creatures vanquished

Notes
Turn   | Place    | Note
-------+----------+-------------------------------------------
     0 | D:1      | Gorglomux the Barachi Fighter began the quest for the Orb.
     0 | D:1      | Reached XP level 1. HP: 18/18 MP: 1/1
   187 | D:1      | Reached XP level 2. HP: 25/25 MP: 2/2
   191 | D:1      | Reached skill level 4 in Fighting
   553 | D:1      | Reached skill level 3 in Axes
   641 | D:1      | Reached XP level 3. HP: 20/31 MP: 3/3
  1285 | D:2      | Found a burning altar of Makhleb.
  1312 | D:2      | Became a worshipper of Makhleb the Destroyer
  1344 | D:2      | Found a deep blue altar of Sif Muna.
  1495 | D:2      | Reached XP level 4. HP: 35/38 MP: 4/4
  1535 | D:2      | Reached skill level 5 in Fighting
  2026 | D:2      | Reached XP level 5. HP: 44/44 MP: 5/5
  2640 | D:3      | Found a radiant altar of Vehumet.
  2688 | D:3      | Found a sacrificial altar of Ru.
  3522 | D:4      | Noticed an ogre
  3805 | D:4      | Killed an ogre
  3805 | D:4      | Reached skill level 6 in Fighting
  3805 | D:4      | Reached XP level 6. HP: 51/52 MP: 6/6
  3956 | D:4      | Noticed a phantom
  3992 | D:4      | Killed a phantom
  4032 | D:4      | Found a glowing drain.
  4141 | Sewer    | Entered a sewer
  4143 | Sewer    | Reached * piety under Makhleb
  4364 | Sewer    | Reached skill level 7 in Fighting
  4364 | Sewer    | Reached XP level 7. HP: 42/60 MP: 7/7
  4552 | Sewer    | Found a white marble altar of Elyvilon.
  4631 | D:4      | Reached skill level 6 in Axes
  5076 | D:4      | Found a glowing golden altar of the Shining One.
  5331 | D:5      | Entered Level 5 of the Dungeon
  5331 | D:5      | Noticed Pikel
  5370 | D:4      | Killed Pikel
  5370 | D:4      | Reached skill level 8 in Fighting
  5370 | D:4      | Reached XP level 8. HP: 52/69 MP: 8/8
  5746 | D:5      | Reached skill level 9 in Fighting
  6310 | D:5      | Reached ** piety under Makhleb
  6331 | D:5      | Noticed Eustachio
  6403 | D:5      | Found an ancient bone altar of Kikubaaqudgha.
  6442 | D:5      | Killed Eustachio
  6442 | D:5      | Reached skill level 1 in Invocations
  6442 | D:5      | Reached XP level 9. HP: 52/78 MP: 8/10
  7069 | D:5      | Found Nano's Food Shop.
  7256 | D:6      | Noticed incide's ghost (novice GrWn)
  7258 | D:6      | Reached skill level 10 in Fighting
  7531 | D:6      | Noticed Sigmund
  7556 | D:6      | Killed Sigmund
  7690 | D:6      | Reached skill level 9 in Axes
  7862 | D:6      | Noticed Prince Ribbit
  7869 | D:6      | Killed Prince Ribbit
  7907 | D:6      | Killed incide's ghost
  8216 | D:6      | Reached skill level 6 in Armour
  8634 | D:7      | Found a staircase to the Ecumenical Temple.
  8712 | D:7      | Reached XP level 10. HP: 50/86 MP: 11/11
  8931 | D:7      | Noticed Joseph
  8940 | D:7      | Killed Joseph
  8959 | D:7      | Got a faintly humming chain mail
  8970 | D:7      | Identified the +5 chain mail of Words of Power {-Tele Dex+5 SInv} (You found it on level 7 of the Dungeon)
  9345 | D:7      | Reached skill level 6 in Shields
  9383 | D:7      | Reached skill level 11 in Fighting
  9814 | D:8      | Reached skill level 3 in Invocations
  9949 | D:8      | Reached *** piety under Makhleb
 10041 | D:8      | Noticed Erica
 10058 | D:8      | Killed Erica
 10128 | D:8      | Noticed Gastronok
 10142 | D:8      | Killed Gastronok
 10142 | D:8      | Reached XP level 11. HP: 75/94 MP: 12/14
 10157 | D:8      | Found a large runed door.
 10157 | D:8      | Found a large runed door.
 10207 | D:8      | Found a large runed door.
 10207 | D:8      | Found a large runed door.
 10321 | D:8      | Found a sand-covered staircase.
 10331 | Ossuary  | Entered an ossuary
 10386 | Ossuary  | Reached **** piety under Makhleb
 10607 | D:8      | Noticed a two-headed ogre
 10618 | D:8      | Killed a two-headed ogre
 10632 | D:8      | Noticed a two-headed ogre
 10639 | D:8      | Killed a two-headed ogre
 11256 | D:8      | Reached skill level 12 in Fighting
 11281 | D:8      | Killed an unseen horror
 11360 | D:9      | Found a shattered altar of Ashenzari.
 11612 | D:9      | Found an iron altar of Okawaru.
 11688 | D:9      | Found a glowing silver altar of Zin.
 11716 | D:9      | Noticed Nib's ghost (novice TrCK)
 11730 | D:9      | Noticed a two-headed ogre
 11922 | D:9      | Found a runed door.
 11922 | D:9      | Noticed a deep troll
 11922 | D:9      | Noticed a deep elf knight
 11922 | D:9      | Noticed a four-headed hydra
 11923 | D:9      | Noticed a deep troll earth mage
 11924 | D:9      | Noticed a centaur warrior
 11924 | D:9      | Noticed a deep troll earth mage
 11924 | D:9      | Noticed a deep elf knight
 11971 | D:9      | Killed Nib's ghost
 11971 | D:9      | Reached skill level 9 in Armour
 12060 | D:9      | Killed a two-headed ogre
 12337 | D:10     | Entered Level 10 of the Dungeon
 12514 | D:10     | Reached ***** piety under Makhleb
 12603 | D:10     | Reached XP level 12. HP: 103/103 MP: 16/16
 12776 | D:10     | Reached skill level 6 in Invocations
 12970 | D:10     | Reached skill level 9 in Shields
 13006 | D:10     | Found a staircase to the Orcish Mines.
 13149 | D:10     | Found a staircase to the Lair.
 13199 | D:11     | Noticed an eight-headed hydra
 13215 | D:11     | Killed a four-headed hydra
 13249 | D:11     | Noticed mortelune's ghost (journeyman DrTm)
 13423 | D:11     | Killed mortelune's ghost
 13531 | D:11     | You fall through a shaft!
 13596 | D:12     | Reached skill level 13 in Fighting
 13656 | D:12     | Noticed a four-headed hydra
 13660 | D:12     | Reached skill level 12 in Axes
 13664 | D:12     | Killed a one-headed hydra
 13756 | Lair:1   | Entered Level 1 of the Lair of Beasts
 14182 | Lair:1   | Reached ****** piety under Makhleb
 14299 | Lair:1   | Found a dark tunnel.
 14484 | Lair:1   | Noticed a seven-headed hydra
 14496 | Lair:1   | Killed a six-headed hydra
 14502 | Lair:1   | Gained mutation: You can hop long distances. [Barachi growth]
 14502 | Lair:1   | Reached XP level 13. HP: 80/111 MP: 18/18
 14842 | Lair:2   | Noticed PeterLawrence's ghost (journeyman MiFi)
 14872 | Lair:2   | Killed PeterLawrence's ghost
 15391 | Lair:2   | Found a staircase to the Shoals.
 15924 | Lair:3   | Reached skill level 1 in Evocations
 16043 | Lair:3   | Found a hole to the Spider Nest.
 16485 | Lair:4   | Noticed Harold
 16486 | Lair:4   | Noticed Kirke
 16495 | Lair:4   | Reached skill level 14 in Fighting
 16506 | Lair:4   | Killed Kirke
 16506 | Lair:4   | Reached skill level 3 in Evocations
 16509 | Lair:4   | Killed Harold
 16526 | Lair:4   | Noticed Nessos
 16537 | Lair:4   | Killed Nessos
 17072 | Lair:5   | Noticed Josephine
 17085 | Lair:5   | Killed Josephine
 17364 | Lair:5   | Reached skill level 12 in Armour
 17903 | Lair:6   | Entered Level 6 of the Lair of Beasts
 17910 | Lair:6   | Reached XP level 14. HP: 79/121 MP: 19/19
 18653 | Lair:6   | Found a staircase to the Slime Pits.
 18653 | Lair:6   | Found a viscous altar of Jiyva.
 19319 | Lair:6   | Found a runed door.
 19504 | Lair:6   | Reached skill level 6 in Evocations
 19561 | Lair:6   | Paralysed by a hornet for 2 turns
 19751 | Lair:6   | Paralysed by a hornet for 2 turns
 19761 | Lair:6   | Reached skill level 15 in Fighting
 19905 | Lair:6   | Paralysed by a hornet for 3 turns
 19922 | Lair:6   | Reached skill level 12 in Shields
 20706 | D:12     | Reached XP level 15. HP: 125/129 MP: 20/20
 23012 | D:14     | Reached skill level 16 in Fighting
 23184 | D:14     | Noticed an iron dragon
 23196 | D:14     | Killed an iron dragon
 23253 | D:14     | Paralysed by an ogre mage for 7 turns
 23286 | D:14     | Reached skill level 15 in Axes
 23353 | D:14     | Reached XP level 16. HP: 137/139 MP: 21/21
 23593 | D:14     | Found a gate to the Vaults.
 24320 | D:15     | Entered Level 15 of the Dungeon
 24510 | D:15     | Found a staircase to the Depths.
 24599 | D:15     | Reached skill level 15 in Armour
 24968 | D:15     | Found an iron altar of Okawaru.
 25162 | Orc:1    | Entered Level 1 of the Orcish Mines
 25268 | Orc:2    | Entered Level 2 of the Orcish Mines
 25268 | Orc:2    | Found a roughly hewn altar of Beogh.
 25324 | Orc:2    | Found Fiummad's Antique Armour Emporium.
 25340 | Orc:2    | Found a staircase to the Elven Halls.
 25389 | Orc:2    | Found a roughly hewn altar of Beogh.
 25771 | Orc:2    | Reached skill level 17 in Fighting
 25777 | Orc:2    | Found Zisi's Distillery.
 25786 | Orc:2    | Bought a potion of cancellation for 120 gold pieces
 25786 | Orc:2    | Bought a potion of haste for 150 gold pieces
 25786 | Orc:2    | Bought a potion of heal wounds for 75 gold pieces
 25786 | Orc:2    | Bought a potion of heal wounds for 75 gold pieces
 25799 | Orc:2    | Found a radiant altar of Vehumet.
 25819 | Orc:2    | Found Dim Jost's Gadget Shop.
 25845 | Orc:2    | Noticed Nergalle
 25847 | Orc:2    | Found an ancient bone altar of Kikubaaqudgha.
 25858 | Orc:2    | Killed Nergalle
 25884 | Orc:2    | Found a roughly hewn altar of Beogh.
 25884 | Orc:2    | Found Fehableumm's Magic Scroll Shop.
 25970 | Orc:2    | Bought a scroll of fog for 28 gold pieces
 25970 | Orc:2    | Bought a scroll of summoning for 133 gold pieces
 26004 | Orc:2    | Found Mova's Antique Weapon Shop.
 26154 | Orc:1    | Noticed ohad's ghost (journeyman DsGl)
 26170 | Orc:1    | Killed ohad's ghost
 26171 | Orc:1    | Paralysed by an orc sorcerer for 3 turns
 26660 | Spider:1 | Entered Level 1 of the Spider Nest
 27160 | Spider:1 | Reached XP level 17. HP: 114/148 MP: 22/22
 28082 | Spider:2 | Noticed Arachne
 28118 | Spider:2 | Killed Arachne
 28119 | Spider:2 | Reached skill level 15 in Shields
 28988 | Spider:3 | Reached skill level 18 in Fighting
 29302 | Spider:4 | Entered Level 4 of the Spider Nest
 30534 | Spider:4 | Reached XP level 18. HP: 158/158 MP: 8/23
 30627 | Spider:4 | Got a gossamer rune of Zot
 31037 | Shoals:1 | Entered Level 1 of the Shoals
 31891 | Shoals:1 | Reached skill level 1 in Dodging
 32700 | Shoals:2 | Found the cursed necklace of Bloodlust {*Rage +Rage MR++ Int-3 Slay+6 *Curse}
 33439 | Shoals:3 | Reached skill level 3 in Dodging
 34081 | Shoals:4 | Entered Level 4 of the Shoals
 34193 | Shoals:4 | Noticed Ilsuiw
 34498 | Shoals:4 | Reached skill level 19 in Fighting
 34503 | Shoals:4 | Killed Ilsuiw
 34521 | Shoals:4 | Reached XP level 19. HP: 142/166 MP: 22/25
 34529 | Shoals:4 | Reached skill level 9 in Invocations
 34579 | Shoals:4 | Got a barnacled rune of Zot
 34590 | Shoals:4 | Got a bone broad axe {freeze}
 34591 | Shoals:4 | Identified the cursed +0 broad axe "Zyannod" {freeze, +Rage rElec rPois} (You took it off a merfolk on level 4 of the Shoals)
 34762 | Shoals:4 | Identified Huoprahaq's Compendium of Cloudy Black Rituals
 35743 | Vaults:1 | Entered Level 1 of the Vaults
 36225 | Vaults:1 | Found an opulent altar of Gozag.
 36370 | Vaults:1 | Reached skill level 6 in Dodging
 36419 | Vaults:1 | Reached skill level 18 in Axes
 36441 | Vaults:1 | Reached skill level 18 in Armour
 36463 | Vaults:1 | Found the +11 plutonium sword {*Contam Stlth-}
 36667 | Vaults:1 | Got a pair of encrusted boots
 36678 | Vaults:1 | Identified the cursed +0 pair of boots of Vysimes {MR- Str-4 Int+7} (You found it on level 1 of the Vaults)
 37305 | Vaults:2 | Noticed Margery
 37319 | Vaults:2 | Killed Margery
 37319 | Vaults:2 | Reached XP level 20. HP: 174/176 MP: 27/27
 37452 | Vaults:2 | Noticed Boris
 37481 | Vaults:2 | Killed Boris
 37626 | Vaults:2 | Noticed Donald
 37650 | Vaults:2 | Killed Donald
 38113 | Vaults:2 | Noticed Saint Roka
 38137 | Vaults:2 | Killed Saint Roka
 38137 | Vaults:2 | Reached skill level 20 in Fighting
 38908 | Vaults:3 | Got a steaming helmet
 38919 | Vaults:3 | Identified the +0 helmet of Lesser Demons {rN+} (You found it on level 3 of the Vaults)
 39002 | Vaults:3 | Reached skill level 9 in Dodging
 39056 | Vaults:3 | Found a staircase to the Crypt.
 39106 | Vaults:3 | Found Othrunwur's General Store.
 39505 | Vaults:3 | Found Ebeaxe's Antique Armour Shop.
 39519 | Vaults:3 | Reached XP level 21. HP: 184/184 MP: 29/29
 40469 | Vaults:4 | Reached skill level 18 in Shields
 40825 | Vaults:4 | Noticed Jory
 40851 | Vaults:4 | Killed Jory
 41069 | Vaults:4 | Noticed Frederick
 41107 | Vaults:4 | Killed Frederick
 41634 | Vaults:4 | Found a portal to a secret trove of treasure.
 41935 | Depths:1 | Entered Level 1 of the Depths
 41935 | Depths:1 | Noticed Bai Suzhen
 41949 | Depths:1 | Killed Bai Suzhen
 41949 | Depths:1 | Reached skill level 12 in Invocations
 42026 | Depths:1 | Reached skill level 21 in Fighting
 42055 | Depths:1 | Found a gateway to Hell.
 42295 | Depths:1 | Reached XP level 22. HP: 194/194 MP: 31/31
 43326 | Depths:2 | Noticed a juggernaut
 43327 | Depths:2 | Noticed a golden dragon
 43330 | Depths:2 | Noticed a golden dragon
 43340 | Depths:2 | Killed a juggernaut
 43340 | Depths:2 | Reached skill level 12 in Dodging
 43352 | Depths:2 | Killed a golden dragon
 43945 | Depths:2 | Noticed a caustic shrike
 43987 | Depths:2 | Killed a caustic shrike
 43989 | Depths:2 | Found the +8 glaive of the Guard {elec, +Rage AC+5 SInv}
 44014 | Depths:2 | Killed a golden dragon
 44239 | Depths:3 | Found Ticouxto's Assorted Antiques.
 44270 | Depths:3 | Bought a scroll of enchant weapon for 337 gold pieces
 44270 | Depths:3 | Bought a scroll labeled PYGISI ACKENKEA for 45 gold pieces
 44270 | Depths:3 | Bought a potion of heal wounds for 225 gold pieces
 44460 | Depths:3 | Found a one-way gate leading to the halls of Pandemonium.
 44460 | Depths:3 | Noticed a golden dragon
 44460 | Depths:3 | Noticed a golden dragon
 44461 | Depths:3 | Noticed a juggernaut
 44474 | Depths:3 | Killed a golden dragon
 44474 | Depths:3 | Reached XP level 23. HP: 114/202 MP: 32/32
 44474 | Depths:3 | Killed a golden dragon
 44476 | Depths:3 | Killed a juggernaut
 44476 | Depths:3 | Reached skill level 22 in Fighting
 44678 | Depths:3 | Found a one-way gate to the infinite horrors of the Abyss.
 45210 | Depths:3 | Gained mutation: Scrolls take you a little longer to read. [a shining eye]
 45214 | Depths:3 | Lost mutation: Scrolls take you a little longer to read. [potion of mutation]
 45214 | Depths:3 | Gained mutation: Your flesh is cold resistant. (rC+) [potion of mutation]
 45214 | Depths:3 | Gained mutation: Armour fits poorly on your strangely shaped body. [potion of mutation]
 45214 | Depths:3 | Gained mutation: You are somewhat resistant to further mutation. [potion of mutation]
 45951 | Depths:4 | Found a gateway to a ziggurat.
 46416 | Depths:5 | Entered Level 5 of the Depths
 46931 | Depths:5 | Reached XP level 24. HP: 186/212 MP: 33/33
 47080 | Depths:5 | Found a gate to the Realm of Zot.
 48132 | Vaults:5 | Entered Level 5 of the Vaults
 48159 | Vaults:5 | Reached skill level 23 in Fighting
 48179 | Vaults:5 | Reached skill level 15 in Dodging
 48191 | Vaults:5 | Found Doirauz's Gadget Shop.
 48197 | Vaults:5 | Identified the -3 cloak of Roatwu {rC+ Int+2} (You found it on level 5 of the Vaults)
 48425 | Vaults:5 | Reached skill level 21 in Shields
 48952 | Vaults:5 | Reached XP level 25. HP: 219/223 MP: 33/33
 49170 | Vaults:5 | Identified a scroll of acquirement
 49175 | Vaults:5 | Reached skill level 24 in Fighting
 49196 | Vaults:5 | Got a silver rune of Zot
 49276 | Vaults:5 | Found the +3 pair of gauntlets of War {Slay+5}
 49708 | Vaults:5 | Identified the Disquisition on Shifting Augmentations
 50263 | Zot:1    | Entered Level 1 of the Realm of Zot
 52092 | Zot:2    | Reached XP level 26. HP: 171/234 MP: 33/33
 52445 | Zot:4    | Reached skill level 18 in Dodging
 52458 | Zot:4    | Reached skill level 25 in Fighting
 52964 | Zot:5    | Entered Level 5 of the Realm of Zot
 54191 | Zot:5    | Noticed an ancient lich
 54204 | Zot:5    | Killed an ancient lich
 54321 | Zot:5    | Noticed an orb of fire
 54321 | Zot:5    | Noticed an orb of fire
 54333 | Zot:5    | Noticed an ancient lich
 54342 | Zot:5    | Noticed an ancient lich
 54377 | Zot:5    | Killed from afar by an electric golem

Vault maps used:
D:1:      dpeg_arrival_short_road, due_unseen_surprise
D:2:      led_sif_pool, serial_forest, infiniplex_forest_clump_double,
          infiniplex_forest_straight_4, infiniplex_forest_clump_medium,
          infiniplex_forest_zigzag_2, infiniplex_forest_clump_medium,
          infiniplex_forest_straight_4, serial_bayou_pond_d,
          nrook_loot_triangle, bloody_makhleb
D:3:      fiery_altar_vehumet, nicolae_ru_awakened_eye
D:4:      gup_sewer_entry_pipe, nicolae_tso_carved_into_rock
D:5:      kennysheep_slugbush, kiku_gazebo_garden_becter, first_ration,
          kennysheep_diamond, moated_statue, uniq_eustachio, uniq_pikel
D:6:      minmay_tree_intersection, lightli_minifort, uniq_sigmund,
          uniq_prince_ribbit1
D:7:      minmay_temple_entry_crystal_x, uniq_joseph
D:8:      enter_ossuary_1, blue_anna_alchemist, minmay_hollow_rounded_squares,
          uniq_erica, uniq_gastronok
D:9:      minmay_gate_of_8, kennysheep_mini, okawaru_humans,
          nicolae_ashenzari_panopticon
D:10:     grunt_lair_entry_orc_guard_hut, david_orc_4, minivault_7
D:11:     hangedman_decor_clover_reticule
D:12:     minmay_the_grid_square_5x5_3x3
D:13:     minmay_tri_stars
D:14:     regret_index_bee_streams, lightli_vaults_fourway_checkpoint,
          minivault_11
D:15:     hangedman_depths_entry_civil_slaughter, lemuel_doored_altar
Lair:1:   minmay_lair_venomous_thicket, lightli_volcano_entry_magma_tube
Lair:2:   minmay_shoals_entry_hut, infiniplex_staircase_pool
Lair:3:   nicolae_spider_entry_non_spiders, kennysheep_catoblepas_arena,
          infiniplex_staircase_pool_2, grunt_megastairs_3,
          minmay_lair_oklob_chamber
Lair:4:   uniq_harold, uniq_nessos, uniq_kirke
Lair:5:   uniq_josephine
Lair:6:   wormcave, hangedman_lair_tendril_chambers, slime_altar_1,
          lookout_lair_type, serial_bayou_pond_c, serial_bayou_crossing,
          lemuel_fruit_tree, serial_bayou_shore_a
Shoals:1: nicolae_shoals_kraken_intersection
Shoals:2: argonaut_gorgonesque
Shoals:4: shoals_end_grunt_ice, shoal_ilsuiw
Spider:1: portal_ice_cave_entry_pillars_2
Spider:2: worms_lemuel, uniq_arachne
Spider:4: grunt_spider_rune_parallel
Orc:2:    kennysheep_orc_mage_school, basic_altar, serial_shops, shop,
          mines1_david
Vaults:1: st_greater_box_4, v_pattern_2, vaults_room_pool,
          ontoclasm_vaults_gateway, ontoclasm_vaults_ligature,
          vaults_room_octagon, nicolae_vaults_big_ls, vaults_mumra_hex,
          ontoclasm_vaults_ring_large, v_misc_29, ontoclasm_vaults_pinch,
          serial_hangedman_research, basic_altar
Vaults:2: vaults_standard_mumra_x, v_misc_2, v_misc_3, nicolae_vaults_alarming,
          v_alt_pattern_5, vaults_room_semicircle, vaults_dpeg_hooks,
          ontoclasm_vaults_claustrophobia, nicolae_vaults_network_s,
          vaults_room_pool, nicolae_vaults_angled_halls, uniq_saint_roka,
          uniq_donald, uniq_boris, uniq_margery
Vaults:3: v_misc_9, nicolae_vaults_little_squares_5, v_rooms_6,
          minmay_crypt_entry_skeletal_spiral, hangedman_vaults_nodes,
          ontoclasm_vaults_ring_square, ontoclasm_vaults_loading_screen,
          vaults_room_mumra_shop_pool, nicolae_vaults_theta, v_misc_18,
          hangedman_vaults_variations, vaults_dpeg_cross,
          nicolae_vaults_little_squares_5, ontoclasm_vaults_idyll,
          dpeg_vaults_monster_box, serial_shops,
          nicolae_shop_competitors_out_of_business
Vaults:4: nicolae_vaults_windows_and_doors_thing,
          nicolae_vaults_border_crossing, nicolae_vaults_ninety_degrees,
          ontoclasm_vaults_spin, nicolae_vaults_network_star,
          nicolae_vaults_an_arrangement, hangedman_vaults_capsules,
          nicolae_vaults_theta, vaults_room_stairs_pillars,
          trove_entry_hex_spiral, uniq_frederick, uniq_jory
Depths:1: hangedman_decor_peaks_small, grunt_hell_entry_demonic_statue,
          lemuel_flamethrower_3, uniq_bai_suzhen
Depths:2: minmay_guarded_unrand_guard, minmay_misc_feat_x, hell_entry
Depths:3: grunt_deathspiral_small, serial_shops, nicolae_shop_waterfront,
          abyss_entry, grunt_decor_one_mirror, hell_entry, pan_entry,
          kennysheep_pointless_box
Depths:4: kennysheep_blocky_hall, enter_ziggurat_c,
          abyss_entry_small_statue_room, dk_noncrumbling_4,
          pf_dread_powers_of_hell, minmay_variable_closet, minmay_holes
Depths:5: grunt_zot_entry_tricorne, rand_demon_pan_entry_8,
          hangedman_decor_opposing, hell_entry, grunt_ministairs_11
Zot:1:    kennysheep_spiral_hall, hangedman_snap_crack_crunch
Zot:3:    st_small_dragon_hoard_3
Zot:4:    circus_mu
Sewer:    sewer_kobolds
Ossuary:  ossuary_due_mausoleum

Skill      XL: |  1  2  3  4  5  6  7  8  9 10 11 12 13 14 15 16 17 18 19 20 21 22 23 24 25 26 |
---------------+-------------------------------------------------------------------------------+-----
Fighting       | 4 5 6 7 8 9 10 11 12 13 14 15 16 17 18 19 20 21 22 23 24 25 | 25.4
Axes           | 3 4 5 7 8 9 10 11 12 13 14 15 16 17 18 | 18.0
Armour         | 4 6 7 9 10 12 13 14 15 16 17 18 19 20 | 20.2
Invocations    | 1 2 4 5 7 8 10 11 12 13 14 | 14.0
Shields        | 5 7 8 9 11 12 13 14 15 16 17 18 19 20 21 22 | 22.9
Evocations     | 4 6 |  6.0
Dodging        | 4 7 9 11 12 14 16 17 18 | 18.7

Action                   |  1- 3 |  4- 6 |  7- 9 | 10-12 | 13-15 | 16-18 | 19-21 | 22-24 | 25-27 || total
-------------------------+-------+-------+-------+-------+-------+-------+-------+-------+-------++-------
Melee: War axe           |   144 |   210 |   386 |   740 |   794 |     7 |       |       |       ||  2281
       Broad axe         |       |       |       |       |   473 |  1513 |  1404 |  1257 |   699 ||  5346
Invok: Minor Destruction |       |       |    28 |    63 |    22 |    42 |       |       |       ||   155
       Lesser Servant of |       |       |       |    10 |    11 |     5 |    11 |     3 |     8 ||    48
       Greater Servant o |       |       |       |       |       |     1 |       |     1 |       ||     2
 Abil: Hop               |       |     1 |     5 |     6 |     5 |     6 |       |       |     6 ||    29
Evoke: Wand              |       |       |       |       |     4 |       |       |     2 |     9 ||    15
       Phial of floods   |       |       |       |       |       |       |     1 |       |       ||     1
       Lamp of fire      |       |       |       |       |       |       |       |     2 |       ||     2
  Use: Potion            |       |     1 |     3 |     1 |     1 |     5 |       |     2 |    22 ||    35
       Scroll            |       |     2 |     2 |    16 |    16 |    11 |     5 |     9 |    18 ||    79
 Stab: Distracted        |       |       |       |     3 |     3 |     1 |     4 |       |     3 ||    14
       Invisible         |       |       |       |       |       |    15 |     2 |       |       ||    17
  Eat: Chunk             |     3 |    10 |     9 |    18 |    30 |    38 |    29 |    11 |     6 ||   154
       Ration            |       |       |     2 |     1 |     1 |     1 |       |     5 |     3 ||    13
Armor: Scale mail        |    71 |   109 |    30 |       |       |       |       |       |       ||   210
       Skin              |       |     3 |    18 |       |       |       |       |       |       ||    21
       Chain mail        |       |       |   210 |   430 |   662 |   482 |       |       |       ||  1784
       Plate armour      |       |       |       |       |       |   521 |   360 |   408 |   220 ||  1509
Dodge: Dodged            |    56 |    75 |    90 |   192 |   356 |   428 |   249 |   336 |   240 ||  2022
Block: Shield            |    89 |   125 |   221 |   454 |   879 |  1366 |   168 |       |       ||  3302
       Reflection        |       |       |       |       |       |    52 |   128 |    70 |    34 ||   284
       Large shield      |       |       |       |       |       |       |  1225 |  1394 |   849 ||  3468

Table legend:
 A = Spawn XP
 B = Non-spawn XP
 C = Spawn XP percentage of total XP
 D = Spawn monster count
 E = Non-spawn monster count
 F = Spawn count percentage of total count
 G = Total turns spent on level
                    A         B        C        D         E        F      G
               +---------+---------+-------+---------+---------+-------+---------
         Total |       0 | 1199177 |   0.0 |       0 |    2225 |   0.0 | 54377
               +---------+---------+-------+---------+---------+-------+---------
           D:1 |       0 |      53 |   0.0 |       0 |      26 |   0.0 |  1222
           D:2 |       0 |     119 |   0.0 |       0 |      28 |   0.0 |  1241
           D:3 |       0 |      34 |   0.0 |       0 |      19 |   0.0 |  1255
           D:4 |       0 |    1081 |   0.0 |       0 |      17 |   0.0 |  1587
           D:5 |       0 |    1129 |   0.0 |       0 |      29 |   0.0 |  1610
           D:6 |       0 |    1903 |   0.0 |       0 |      27 |   0.0 |  1230
           D:7 |       0 |    1353 |   0.0 |       0 |      20 |   0.0 |  1180
           D:8 |       0 |    7243 |   0.0 |       0 |      37 |   0.0 |  1440
           D:9 |       0 |    3252 |   0.0 |       0 |      34 |   0.0 |   919
          D:10 |       0 |    5325 |   0.0 |       0 |      68 |   0.0 |   974
          D:11 |       0 |    3481 |   0.0 |       0 |      23 |   0.0 |  1000
          D:12 |       0 |   15734 |   0.0 |       0 |      64 |   0.0 |  1057
          D:13 |       0 |   15390 |   0.0 |       0 |      56 |   0.0 |  1251
          D:14 |       0 |   31119 |   0.0 |       0 |     114 |   0.0 |  1606
          D:15 |       0 |   13566 |   0.0 |       0 |      33 |   0.0 |   626
        Lair:1 |       0 |    2685 |   0.0 |       0 |      20 |   0.0 |  1107
        Lair:2 |       0 |    4965 |   0.0 |       0 |      18 |   0.0 |   893
        Lair:3 |       0 |    4432 |   0.0 |       0 |      23 |   0.0 |   833
        Lair:4 |       0 |    9436 |   0.0 |       0 |      28 |   0.0 |   559
        Lair:5 |       0 |    4541 |   0.0 |       0 |      25 |   0.0 |  1257
        Lair:6 |       0 |   25481 |   0.0 |       0 |      85 |   0.0 |  2055
      Shoals:1 |       0 |   16075 |   0.0 |       0 |      31 |   0.0 |  1151
      Shoals:2 |       0 |   12535 |   0.0 |       0 |      26 |   0.0 |   964
      Shoals:3 |       0 |   29759 |   0.0 |       0 |      51 |   0.0 |  1369
      Shoals:4 |       0 |   25121 |   0.0 |       0 |      48 |   0.0 |  1058
      Spider:1 |       0 |   21037 |   0.0 |       0 |      60 |   0.0 |  1062
      Spider:2 |       0 |   25829 |   0.0 |       0 |      66 |   0.0 |  1097
      Spider:3 |       0 |    2654 |   0.0 |       0 |       7 |   0.0 |   750
      Spider:4 |       0 |   32543 |   0.0 |       0 |      77 |   0.0 |  1418
         Orc:1 |       0 |    3006 |   0.0 |       0 |      33 |   0.0 |   492
         Orc:2 |       0 |    8907 |   0.0 |       0 |      59 |   0.0 |   890
      Vaults:1 |       0 |   61642 |   0.0 |       0 |      90 |   0.0 |  1624
      Vaults:2 |       0 |   69901 |   0.0 |       0 |     110 |   0.0 |  1609
      Vaults:3 |       0 |   50966 |   0.0 |       0 |      80 |   0.0 |  1479
      Vaults:4 |       0 |   62392 |   0.0 |       0 |      84 |   0.0 |  1760
      Vaults:5 |       0 |  156441 |   0.0 |       0 |     146 |   0.0 |  1830
      Depths:1 |       0 |   40894 |   0.0 |       0 |      76 |   0.0 |   786
      Depths:2 |       0 |   73769 |   0.0 |       0 |      57 |   0.0 |  1465
      Depths:3 |       0 |   71831 |   0.0 |       0 |      81 |   0.0 |  1308
      Depths:4 |       0 |   44967 |   0.0 |       0 |      47 |   0.0 |  1321
      Depths:5 |       0 |   61884 |   0.0 |       0 |      63 |   0.0 |  2487
         Zot:1 |       0 |   74251 |   0.0 |       0 |      46 |   0.0 |   589
         Zot:2 |       0 |   17220 |   0.0 |       0 |      10 |   0.0 |   261
         Zot:3 |       0 |    4962 |   0.0 |       0 |       3 |   0.0 |    40
         Zot:4 |       0 |   29664 |   0.0 |       0 |      18 |   0.0 |  1101
         Zot:5 |       0 |   48251 |   0.0 |       0 |      25 |   0.0 |   911
         Sewer |       0 |     137 |   0.0 |       0 |      10 |   0.0 |   468
       Ossuary |       0 |     217 |   0.0 |       0 |      27 |   0.0 |   185
               +---------+---------+-------+---------+---------+-------+---------
